 Dungeon Crawl Stone Soup version 0.30-a0-1074-g5db6f66fbb (webtiles) character file.

Game seed: 17510289873157236389

324 12572944 the Covered (level 6, -3/56 HPs)
             Began as a Minotaur Fighter on Apr 14, 2023.
             Succumbed to a kobold's poison
             ... on level 3 of the Dungeon.
             The game lasted 00:05:09 (1870 turns).

12572944 the Covered (Minotaur Fighter)             Turns: 1870, Time: 00:05:10

Health: -3/56      AC:  9    Str: 21    XL:     6   Next: 23%
Magic:  5/5        EV:  8    Int:  5    God:
Gold:   110        SH:  5    Dex: 11    Spells: 5/5 levels left

rFire   . . .      SeeInvis .    a - +0 long sword
rCold   . . .      Faith    .    c - +0 buckler
rNeg    . . .      Spirit   .    i - +0 chain mail
rPois   .          Reflect  .    (helmet restricted)
rElec   .          Rampage  .    (no cloak)
rCorr   .                        (no gloves)
Will    .....                    (no boots) Stlth
                                 (no amulet)
HPRegen 0.29/turn                (no ring)
MPRegen 0.09/turn                (no ring)

@: mighty, lethally poisoned (-3 -> -14)
A: horns 2, retaliatory headbutt
a: no special abilities


You were on level 3 of the Dungeon.
You visited 1 branch of the dungeon, and saw 3 of its levels.

You collected 110 gold pieces.

Inventory:

Hand Weapons
 a - a +0 long sword (weapon)
 e - a +0 dagger
 p - a +0 dagger of speed
Missiles
 o - 22 stones (quivered)
Armour
 b - a +0 scale mail
 c - a +0 buckler (worn)
 i - a +0 chain mail (worn)
Wands
 s - a wand of polymorph (2)
Scrolls
 g - 2 scrolls of teleportation {unknown}
 h - a scroll of identify {unknown}
 j - a scroll of amnesia {unknown}
 k - a scroll of enchant weapon {unknown}
 l - a scroll of butterflies {unknown}
 q - 2 scrolls of vulnerability {unknown}
 r - a scroll of enchant armour {unknown}
Potions
 t - a potion of degeneration {unknown}


   Skills:
 + Level 5.0 Fighting
 + Level 4.3 Long Blades
 + Level 5.1 Armour
 * Level 2.1 Dodging
 + Level 5.0 Shields


You had 5 spell levels left.
You didn't know any spells.
Your spell library contained the following spells:

 Spells                   Type           Power      Damage    Failure   Level
 Poisonous Vapours        Pois/Air       0%         N/A       100%        2
 Mephitic Cloud           Conj/Pois/Air  0%         N/A       100%        3
 Freezing Cloud           Conj/Ice/Air   0%         6-21      100%        5
 Summon Forest            Summ/Tloc      0%         N/A       100%        5
 Eringya's Noxious Bog    Tmut/Pois      0%         N/A       100%        6
 Summon Hydra             Summ           0%         N/A       100%        7


Dungeon Overview and Level Annotations

Branches:
Dungeon (3/15)

Altars:
Trog
Yredelemnul


Innate Abilities, Weirdness & Mutations

You have a pair of horns on your head.
You reflexively headbutt those who attack you in melee.


Message History

The orc hits you but does no damage. You block the bat's attack.
The hobgoblin barely misses you. You furiously retaliate!
You headbutt the hobgoblin. Something hits you.
You miss something.
You feel very sick. You block the bat's attack.
You hear some strange, mumbled words.
A magic dart appears from out of thin air!
The magic dart hits you. The orc hits you with a +0 flail.
The hobgoblin hits you.
* * * LOW HITPOINT WARNING * * *
Something hits you but does no damage.
You are lethally poisoned!
It was a potion of curing.
You feel better.
The bat hits you but does no damage. x2; Something hits you.
The orc hits you with a +0 flail.
* * * LOW HITPOINT WARNING * * *
The hobgoblin hits you but does no damage.
Something hits you but does no damage.
You are poisoned.
Okay, then.
It was a potion of magic.
Magic courses through your body.
You feel very sick. The bat hits you but does no damage. Something hits you.
* * * LOW HITPOINT WARNING * * *
The orc hits you with a +0 flail.
* * * LOW HITPOINT WARNING * * *
The hobgoblin closely misses you. Something hits you.
* * * LOW HITPOINT WARNING * * *
You are lethally poisoned!
You feel very mighty all of a sudden.
* * * LOW HITPOINT WARNING * * *
You feel very sick. The bat hits you but does no damage. Something hits you.
* * * LOW HITPOINT WARNING * * *
You block the orc's attack. The hobgoblin completely misses you.
Something hits you.
* * * LOW HITPOINT WARNING * * *
You miss something.
You die...

###.... .......
####......# .#
#........!# ...
#.........#
#..##.........#
......bg....... ...
#.o@....... #..##
##.{).......
..>..###.........##
.............#####
..........#.......
......[...........
.....^...#...##...#
#.# ..##.)......###
...# ..#
.###.........# ..#


You could see an orc, a hobgoblin and a bat.

Vanquished Creatures
  An orc priest (D:3)
  Crazy Yiuf (D:2)
  Natasha (thrice) (D:2)
  Jessica (D:2)
  4 gnolls
  4 adders
  3 worms
  3 dart slugs (D:2)
  An orc (D:3)
  5 ball pythons
  10 endoplasms
  2 giant cockroaches (D:1)
  7 goblins
  7 hobgoblins
  3 jackals
  3 quokkas
  7 bats
  6 frilled lizards
  7 kobolds
  A rat (D:1)
79 creatures vanquished.

Vanquished Creatures (others)
  A fungus (D:2)
  A plant (D:2)
2 creatures vanquished.

Grand Total: 81 creatures vanquished

Notes
Turn   | Place    | Note
-------+----------+-------------------------------------------
     0 | D:1      | 12572944 the Minotaur Fighter began the quest for the Orb.
     0 | D:1      | Reached XP level 1. HP: 19/19 MP: 0/0
    54 | D:1      | Reached XP level 2. HP: 27/27 MP: 1/1
   542 | D:1      | Reached XP level 3. HP: 33/33 MP: 2/2
   781 | D:1      | Reached XP level 4. HP: 17/40 MP: 3/3
   974 | D:2      | Noticed Natasha
   977 | D:2      | Killed Natasha
  1063 | D:2      | Identified the +7 flail "Veczig" {pain, *Rage Str+7}
  1078 | D:2      | Reached XP level 5. HP: 32/47 MP: 4/4
  1133 | D:2      | Found a faded altar of an unknown god.
  1165 | D:2      | !bestwep
  1270 | D:2      | Noticed Jessica
  1277 | D:2      | Killed Jessica
  1328 | D:2      | Noticed Natasha
  1346 | D:2      | Killed Natasha
  1347 | D:2      | Reached skill level 1 in Dodging
  1385 | D:2      | Noticed Natasha
  1396 | D:2      | Killed Natasha
  1397 | D:2      | Reached skill level 5 in Armour
  1636 | D:2      | Found a runed translucent door.
  1637 | D:2      | Noticed Crazy Yiuf
  1687 | D:2      | Killed Crazy Yiuf
  1688 | D:2      | Reached skill level 5 in Fighting
  1688 | D:2      | Reached skill level 5 in Shields
  1688 | D:2      | Reached XP level 6. HP: 41/56 MP: 5/5
  1822 | D:3      | Found a basalt altar of Yredelemnul.
  1823 | D:3      | Found a bloodstained altar of Trog.
  1869 | D:3      | HP: 1/56 [something (4)]
  1870 | D:3      | Succumbed to a kobold's poison

Illustrated notes

####......#######...............
####....### #####..P)~~~P~~.
##.....## ##.P......~. ......##
#######..).####.⌠. .)..###
###........⌠..._# ~. ....#
#####..........~.#### .
............................
.....#########.#.#.....~⌠⌠P~~
#...... ...#@#...........
........ .....#.#......#####
###.....######...........# .
.....# ##..#.......# ##
..##.....). #.. #.....# ... #..
.... ###


Turn 1165 on D:2: !bestwep

Levels and vault maps discovered:
D:1:      mrwooster_arrival_arrow, layout_basic
D:2:      layout_rooms, shapermc_ecumenical_altar_acropolis, interstate_on_off,
          st_stairs_3, uniq_jessica, uniq_crazy_yiuf_cottage, uniq_natasha
D:3:      layout_rooms, chequers_temple_overflow_statue_of_worship

Skill      XL: |  1  2  3  4  5  6 |
---------------+-------------------+-----
Armour         | 4 5 |  5.1
Shields        | 4 5 |  5.0
Fighting       | 4 5 |  5.0
Long Blades    | 3 4 |  4.3
Dodging        | 1 2 |  2.1

Action                     |  1- 3 |  4- 6 || total
---------------------------+-------+-------++-------
  Melee: Long sword        |    85 |   108 ||   193
         Headbutt          |     9 |    20 ||    29
         Unarmed           |       |     1 ||     1
    Use: Potion            |       |     4 ||     4
 Armour: Scale mail        |     9 |       ||     9
         Chain mail        |    32 |    59 ||    91
         Skin              |       |    12 ||    12
  Dodge: Dodged            |    38 |    33 ||    71
  Block: Buckler           |    30 |    23 ||    53

Table legend: (Time is in decaauts)
 A = Elapsed time spent in this place.
 B = Non-inter-level travel time spent in this place.
 C = Inter-level travel time spent in this place.
 D = Time resting spent in this place.
 E = Time spent auto-exploring this place.
 F = Levels seen in this place.
 G = Mean time per level.
                   A        B        C        D        E       F      G
               +--------+--------+--------+--------+--------+-----+--------+
         Total |   1911 |   1870 |     41 |     96 |   1203 |   3 |  637.0 |
       Dungeon |   1911 |   1870 |     41 |     96 |   1203 |   3 |  637.0 |
               +--------+--------+--------+--------+--------+-----+--------+

Top non-repeatable levels by time:
     D:2: 986 daAuts
     D:1: 822 daAuts
     D:3: 101 daAuts
